Map: Cerulean Fall LE

Players

zuka - Winner!

  • Race: Protoss Protoss
  • League: Master
  • Spawn Location: 1:00

iTstaticX

  • Race: Terran Terran
  • League: Master
  • Spawn Location: 7:00

VOD

Have the link to the VOD?

Description

Time

  • Played on: Oct. 5, 2018, 11:55 a.m.
  • Length: 13:52
Show
View Real Time Build Order
Export as new Build Order

zuka Protoss - Winner!

Build Orders: 1 Gate Expand, Oracle Opening 

Get SALT Encoding   

  12  0:01  Probe  
  13  0:13  Probe  
  14  0:18  Pylon  
  14  0:22  Probe  
  15  0:32  Probe  
  15  0:39  Gateway  
  15  0:42  Probe  
  16  0:48  Assimilator  
  17  0:53  Probe  
  18  1:01  Probe  
  18  1:09  Probe  
  20  1:27  Nexus  
  20  1:39  Cybernetics Core  
  20  1:42  Probe  
  21  1:47  Assimilator  
  21  1:54  Probe  
  22  1:57  Pylon  
  22  2:06  Probe, Stalker  
  23  2:16  Warp Gate  
  23  2:18  Probe  
  26  2:30  Probe  
  26  2:36  Stalker  
  28  2:38  Probe  
  29  2:44  Stargate  
  29  2:46  Probe x2  
  31  2:54  Probe  
  31  2:58  Probe  
  33  3:00  Pylon  
  33  3:05  Probe  
  33  3:10  Probe  
  33  3:11  Stalker  
  37  3:17  Probe  
  37  3:18  Oracle  
  38  3:22  Probe, Shield Battery  
  39  3:30  Probe  
  43  3:34  Probe  
  43  3:41  Gateway  
  44  3:43  Gateway  
  44  3:55  Probe, Robotics Facility  
  46  3:57  Void Ray  
  46  4:05  Pylon  
  46  4:09  Probe  
  50  4:12  Probe  
  51  4:19  Assimilator  
  51  4:21  Probe  
  52  4:24  Probe  
  51  4:34  Probe  
  51  4:36  Probe  
  52  4:46  Probe  
  52  4:48  Probe, Robotics Bay  
  52  4:58  Probe  
  53  5:00  Probe, Assimilator  
  53  5:02  Observer  
  53  5:03  Shield Battery  
  55  5:10  Probe  
  55  5:12  Probe  
  57  5:15  Nexus  
  57  5:22  Probe  
  57  5:25  Probe  
  59  5:33  Pylon  
  59  5:34  Probe  
  59  5:35  Extended Thermal Lance, Pylon  
  60  5:37  Probe  
  60  5:40  Immortal  
  61  5:42  Pylon  
  61  5:46  Probe  
  66  5:57  Void Ray  
  66  5:59  Zealot x2  
  66  6:01  Probe x2  
  66  6:02  Colossus  
  76  6:13  Probe x2  
  78  6:22  Observer  
  78  6:25  Probe x2  
  86  6:30  Pylon  
  86  6:34  Forge  
  86  6:36  Forge  
  86  6:37  Probe x2  
  88  6:40  Void Ray  
  88  6:45  Stalker  
  88  6:46  Stalker  
  96  6:54  Colossus  
  97  7:11  Stalker x3  
  97  7:12  Protoss Ground Weapons Level 1  
  101  7:30  Probe x2  
  101  7:36  Probe, Gateway  
  104  7:37  Gateway  
  104  7:38  Assimilator, Gateway  
  104  7:42  Probe  
  104  7:43  Assimilator  
  105  7:44  Probe, Pylon  
  105  7:47  Pylon  
  105  7:48  Probe  
  107  7:56  Colossus  
  107  7:57  Probe x2  
  109  8:00  Pylon  
  113  8:09  Void Ray  
  113  8:11  Pylon  
  103  8:20  Probe x2  
  103  8:21  Probe  
  103  8:24  Pylon  
  104  8:28  Pylon  
  104  8:31  Forge, Pylon  
  104  8:32  Probe  
  104  8:33  Probe x2  
  107  8:35  Twilight Council  
  107  8:38  Pylon  
  107  8:45  Probe x3  
  107  8:46  Pylon  
  107  8:48  Forge, Void Ray  
  110  8:55  Protoss Ground Weapons Level 2  
  110  8:56  Shield Battery  
  110  8:57  Probe x2, Protoss Ground Armor Level 1  
  110  8:59  Shield Battery  
  110  9:01  Observer  
  110  9:02  Pylon  
  116  9:05  Stalker x2  
  116  9:06  Stalker  
  122  9:16  Immortal  
  122  9:18  Charge  
  122  9:24  Zealot x2  
  122  9:25  Zealot  
  132  9:33  Templar Archives  
  132  9:38  Stalker  
  126  9:48  Void Ray  
  112  10:00  Psionic Storm  
  112  10:02  Pylon  
  112  10:03  Pylon  
  112  10:04  Stalker x2  
  114  10:08  Immortal  
  114  10:10  Gateway  
  114  10:11  Gateway  
  116  10:18  Pylon  
  116  10:24  Zealot x2  
  116  10:25  Zealot x3  
  126  10:38  Protoss Ground Armor Level 2  
  126  10:40  Observer, Nexus  
  126  10:42  Pylon  
  126  10:45  High Templar x3  
  126  10:46  High Templar x2  
  126  10:47  High Templar  
  138  10:50  Archon  
  138  10:53  Pylon  
  138  10:56  Assimilator  
  138  11:00  Assimilator  
  138  11:11  High Templar  
  138  11:12  High Templar  
  138  11:14  Protoss Ground Weapons Level 3  
  138  11:17  Archon, Pylon, Zealot  
  138  11:18  Zealot x3  
  150  11:19  Zealot  
  150  11:24  Zealot  
  154  11:31  Immortal  
  158  11:33  Pylon  
  158  11:42  Zealot  
  158  11:43  Zealot x2  
  158  11:44  Zealot  
  166  11:53  High Templar x2  
  170  11:54  Zealot x2  
  170  11:57  Archon  
  174  12:03  Observer  
  174  12:11  Zealot x2, High Templar x2, Nexus  
  182  12:17  Warp Prism  
  182  12:19  Archon  
  184  12:28  Pylon  
  184  12:32  Zealot x4  
  192  12:37  Zealot  
  192  12:38  Zealot  
  192  12:56  Zealot x4  
  176  13:11  Zealot x4  
  162  13:20  Zealot x4  
  168  13:32  Zealot x2  
  168  13:33  Zealot x3  
  176  13:43  Zealot x2  
Show
View Real Time Build Order
Export as new Build Order

iTstaticX Terran 

Build Orders: Cyclone Opening, MMM Bio 

Get SALT Encoding   

  12  0:00  SCV  
  13  0:12  SCV  
  14  0:17  Supply Depot  
  14  0:24  SCV  
  15  0:32  Refinery  
  15  0:39  SCV  
  16  0:44  Barracks  
  16  0:51  SCV  
  17  1:03  SCV  
  18  1:15  SCV  
  19  1:27  SCV  
  20  1:33  Reaper  
  20  1:39  Orbital Command  
  21  1:51  Command Center  
  21  2:01  Factory  
  21  2:04  SCV  
  21  2:05  Marine  
  23  2:16  Supply Depot  
  23  2:37  SCV  
  23  2:38  Barracks Reactor  
  23  2:41  Refinery  
  24  2:46  Cyclone  
  24  2:50  SCV  
  28  3:02  SCV  
  28  3:04  Orbital Command  
  29  3:07  Barracks  
  29  3:14  SCV, Barracks  
  30  3:24  Barracks Tech Lab  
  30  3:26  SCV  
  31  3:27  Hellion  
  31  3:28  Hellion  
  31  3:29  SCV  
  36  3:38  SCV, Engineering Bay  
  37  3:41  SCV  
  37  3:44  Stimpack  
  38  3:49  Supply Depot  
  38  3:50  SCV  
  38  3:54  Hellion  
  41  3:57  Hellion  
  41  3:59  SCV  
  44  4:03  Barracks Tech Lab  
  44  4:04  Barracks Reactor  
  44  4:10  SCV  
  44  4:11  SCV  
  44  4:14  Supply Depot  
  46  4:31  SCV  
  45  4:34  Marine x2  
  44  4:43  SCV  
  44  4:48  SCV  
  44  4:49  Marine x2  
  44  4:51  Marine  
  44  4:52  Marine  
  45  4:55  SCV  
  45  4:56  Missile Turret  
  45  4:57  Missile Turret, Starport  
  45  4:58  Factory Reactor  
  46  5:01  SCV  
  46  5:06  Marine  
  46  5:07  SCV, Marine  
  47  5:09  Marine x2  
  47  5:11  Combat Shields  
  47  5:13  SCV  
  53  5:15  Terran Infantry Weapons Level 1  
  53  5:19  Supply Depot, SCV  
  53  5:24  Marine  
  53  5:25  SCV  
  53  5:28  Marine x2  
  56  5:31  SCV  
  57  5:36  Supply Depot, Refinery  
  57  5:37  SCV  
  57  5:38  Missile Turret  
  57  5:40  Widow Mine x2  
  57  5:42  Marine x2  
  64  5:43  SCV  
  64  5:45  Marine  
  64  5:49  SCV  
  67  5:54  Marine  
  67  5:55  SCV, Refinery  
  69  6:00  Medivac x2, Marine x2  
  69  6:01  Concussive Shells, SCV  
  69  6:03  Marine  
  77  6:08  SCV  
  78  6:11  Supply Depot  
  78  6:14  Supply Depot  
  78  6:15  SCV, Widow Mine x2  
  83  6:22  Marauder, Marine  
  86  6:28  Supply Depot  
  86  6:31  Barracks  
  86  6:33  Barracks, Marauder, Marine  
  89  6:42  Marine  
  89  6:43  Marine  
  91  6:49  Supply Depot  
  91  6:51  Engineering Bay  
  91  6:54  Armory, Marine  
  91  6:55  Supply Depot, Marine  
  87  7:09  Terran Infantry Armor Level 1  
  87  7:11  Marine  
  87  7:12  Marine, Marauder  
  87  7:13  Marauder  
  62  7:15  Medivac x2  
  96  7:29  Marine  
  87  7:34  Marauder x2, Marine  
  87  7:36  Barracks Tech Lab x2  
  92  7:37  Widow Mine x2  
  92  7:42  Supply Depot  
  96  7:47  Supply Depot, Viking x2  
  96  7:49  Marine  
  101  7:56  Marauder  
  103  7:59  Marauder x2, Marine x2  
  94  8:24  Marauder x3, Marine x3  
  99  8:29  Starport  
  99  8:31  Viking x2  
  99  8:33  Terran Ship Weapons Level 1  
  99  8:34  Factory Tech Lab  
  103  8:41  Marine  
  103  8:43  Marine  
  103  8:44  Marauder  
  103  8:45  Marauder, Marine  
  110  8:49  Marauder  
  110  8:55  Terran Infantry Weapons Level 2  
  112  8:59  Marine  
  113  9:15  Marauder x2, Marine x3  
  101  9:46  Marauder, Marine x2  
  101  9:47  Marauder x3  
  76  10:04  Marine x2  
  78  10:08  Marauder x3, Marine  
  78  10:11  Viking x3  
  78  10:13  Viking  
  86  10:22  Marine  
  86  10:25  Marine  
  86  10:26  Marauder  
  90  10:29  Marauder x2, Marine  
  90  10:31  Terran Infantry Armor Level 2  
  95  10:45  Command Center  
  95  10:51  Viking  
  95  10:52  Viking  
  99  11:07  Terran Ship Weapons Level 2  
  99  11:12  Marauder x2, Marine x2  
  99  11:13  Marine, Marauder  
  99  11:18  Sensor Tower, SCV  
  108  11:19  SCV  
  108  11:24  Viking x2  
  114  11:30  SCV  
  115  11:42  Marauder x2, Marine  
  115  11:44  SCV  
  121  11:52  Refinery x2  
  121  12:02  Orbital Command  
  121  12:06  SCV  
  122  12:13  Marauder, Marine  
  122  12:14  Marauder  
  127  12:17  Viking  
  129  12:31  Marauder, Marine x2  
  129  12:32  Marauder  
  129  12:34  Medivac x2  
  129  12:35  Marauder  
  140  12:48  Marine  
  141  12:52  Medivac x2  
  143  13:04  Medivac  
  98  13:15  Marauder x3, Marine x3  
  105  13:33  Marine x3  
Tags
 
Add a new tag
Caveats
  • Supply blocks, unpowered buildings, or Contaminate may cause inaccurate times.
  • Supply counts are checked every 10 seconds.